 Dungeon Crawl Stone Soup version 0.20-a0-672-gd6c3c51 (webtiles) character file.

711 retryentry the Insei (level 7, -1/52 HPs)
             Began as a Green Draconian Transmuter on Feb 17, 2017.
             Was a Follower of Ru.
             Succumbed to a killer bee's poison
             ... on level 6 of the Dungeon.
             The game lasted 00:10:45 (5089 turns).

retryentry the Insei (Green Draconian Transmuter)   Turns: 5089, Time: 00:10:46

Health: -1/52      AC:  7    Str: 12      XL:     7   Next: 40%
Magic:  12/13      EV: 12    Int: 14      God:    Ru [*.....]
Gold:   372        SH:  0    Dex:  7 (13) Spells: 4/14 levels left

rFire    . . .     SeeInvis +     - Unarmed
rCold    . . .     Gourm    .   (armour unavailable)
rNeg     . . .     Faith    .   (no shield)
rPois    +         Spirit   .   j - +1 hat
rElec    .         Reflect  .   (no cloak)
rCorr    .         Harm     .   (no gloves)
MR       .....                  (no boots)
Stlth    +.........             (no amulet)
Regen    0.2/turn               (no ring)
MPRegen  0.2/turn               g - ring of see invisible

@: lethally poisoned (-1 -> -11), short of breath, appendage
A: breathe noxious fumes, unfitting armour, horns 2, poison resistance,
cold-blooded, hated by all, AC +6
a: Breathe Noxious Fumes, End Transformation, Renounce Religion


You were on level 6 of the Dungeon.
You worshipped Ru.
Ru was aware of your devotion.
You were hungry.
You had grown temporary horns.
You visited 2 branches of the dungeon, and saw 7 of its levels.

You collected 372 gold pieces.

Inventory:

Missiles
 a - 102 arrows
 x - a throwing net (quivered)
Armour
 j - a +1 hat (worn)
Jewellery
 g - a ring of see invisible (left hand)
 y - an uncursed ring of fire
Scrolls
 d - 2 scrolls of fear {unknown}
 h - 6 scrolls of identify
 k - 2 scrolls of noise {unknown}
 l - a scroll of enchant weapon {unknown}
 n - a scroll of magic mapping {unknown}
 o - 2 scrolls of amnesia {unknown}
 q - 2 scrolls of remove curse {unknown}
 s - a scroll of teleportation {unknown}
Potions
 f - 7 potions of heal wounds
 p - 2 potions of curing
 u - a potion of agility
 w - 2 potions of lignification
 z - a potion of flight
Books
 b - a book of Changes

   Spells                             Type                      Level
   a - Beastly Appendage              Transmutation                1
   b - Sticks to Snakes               Transmutation                2
   c - Spider Form                    Transmutation/Poison         3
   d - Ice Form                       Ice/Transmutation            4
   e - Blade Hands                    Transmutation                5
Comestibles
 c - 3 bread rations
 i - 5 meat rations
 r - a royal jelly
 t - 2 fruits
 v - 3 chunks of flesh


   Skills:
 - Level 1.1 Fighting
 - Level 1.7 Dodging
 + Level 6.6 Unarmed Combat
 + Level 4.1 Spellcasting
 + Level 4.3 Transmutations


You had 4 spell levels left.
You knew the following spells:

 Your Spells              Type           Power        Failure   Level  Hunger
a - Beastly Appendage     Tmut           ###...       3%          1    None
b - Sticks to Snakes      Tmut           ###.....     6%          2    ##.....
c - Spider Form           Tmut/Pois      #.........   24%         3    ###....
d - Ice Form              Ice/Tmut       #.......     82%         4    ####...


Dungeon Overview and Level Annotations

Branches:
Dungeon (6/15)             Temple (1/1) D:4

Altars:
Fedhas
Kikubaaqudgha
Makhleb
Ru
Trog
Vehumet
Yredelemnul


Innate Abilities, Weirdness & Mutations

You can breathe blasts of noxious fumes.
Your lurid green scales are hard. (AC +6)
You cannot fit into any form of body armour.
Your system is resistant to poisons. (rPois)
You are cold-blooded and may be slowed by cold attacks.
You are hated by all.
You have a pair of horns on your head.


Message History

* * * LOW HITPOINT WARNING * * *
The killer bee stings you.
* * * LOW HITPOINT WARNING * * *
You closely miss the killer bee.
Your tail-slap misses the killer bee.
The killer bee is heavily wounded.
The killer bee stings you!
* * * LOW HITPOINT WARNING * * *
You are lethally poisoned!
The killer bee poisons you! The killer bee stings you.
* * * LOW HITPOINT WARNING * * *
You are more poisoned.
The killer bee poisons you!
Some of the chunks of flesh in your inventory have rotted away.
Press: ? - help, Shift-Dir - straight line, f - killer bee
Aim: a killer bee (heavily wounded)
You exhale a blast of noxious fumes.
The blast of choking fumes hits the killer bee.
The killer bee is severely wounded.
You feel somewhat more hungry.
You die...

..#..#..#....#.
......#..#......
..............#
#.............#
#...%?†y......#
#..#....##.#
#$#.....#.##.# #
..........##.##.#
#...........@y§§#
#.#.#...<.##†##.#
# #..##.##.#
.....#..##.#
..........#.#
.............+
.##.#..._..#.#
#...........
#..#.......#.


You could see a killer bee.

Vanquished Creatures
  A phantom (D:5)
  An ice beast (D:5)
  2 killer bees (D:6)
  A centaur zombie (D:5)
  A quasit (D:5)
  2 hounds (D:5)
  An orc wizard (D:4)
  A worker ant (D:4)
  6 adders
  An ooze (D:2)
  3 worms (D:2)
  3 dart slugs
  3 leopard geckos
  12 orcs
  2 ball pythons (D:5)
  6 bats
  A giant cockroach (D:2)
  7 hobgoblins
  10 jackals
  5 kobolds
  3 quokkas
  3 frilled lizards
  5 goblins
  A leopard gecko zombie (D:5)
  A quokka zombie (D:5)
  5 rats
87 creatures vanquished.

Vanquished Creatures (collateral kills)
  A crimson imp (D:5)
  An orc wizard (D:4)
  An orc priest (D:5)
  An orc (D:5)
4 creatures vanquished.

Vanquished Creatures (others)
  An orc wizard (D:3)
  An iguana (D:5)
2 creatures vanquished.

Grand Total: 93 creatures vanquished

Notes
Turn   | Place    | Note
-------+----------+-------------------------------------------
     0 | D:1      | retryentry the Draconian Transmuter began the quest for the Orb.
     0 | D:1      | Reached XP level 1. HP: 16/16 MP: 3/3
   135 | D:1      | Reached XP level 2. HP: 23/23 MP: 3/5
   285 | D:1      | Learned a level 2 spell: Sticks to Snakes
   987 | D:2      | Reached XP level 3. HP: 28/28 MP: 4/6
  1192 | D:2      | Reached skill level 4 in Unarmed Combat
  1200 | D:2      | Learned a level 3 spell: Spider Form
  1295 | D:2      | Found a basalt altar of Yredelemnul.
  1742 | D:3      | Reached XP level 4. HP: 35/35 MP: 5/7
  1935 | D:3      | Found an ancient bone altar of Kikubaaqudgha.
  2297 | D:4      | Found a staircase to the Ecumenical Temple.
  2304 | Temple   | Entered the Ecumenical Temple
  2339 | Temple   | Became a worshipper of Ru the Awakened
  2673 | D:4      | Reached XP level 5. HP: 14/40 MP: 7/9
  2975 | D:4      | Reached skill level 5 in Unarmed Combat
  3575 | D:5      | Entered Level 5 of the Dungeon
  3581 | D:5      | Learned a level 4 spell: Ice Form
  3773 | D:5      | Reached XP level 6. HP: 36/47 MP: 7/10
  3874 | D:5      | Gained mutation: You are hated by all. [Ru sacrifice]
  3874 | D:5      | Reached * piety under Ru
  4247 | D:5      | Reached skill level 6 in Unarmed Combat
  4723 | D:5      | Your scales start taking on a lurid green colour.
  4723 | D:5      | Reached XP level 7. HP: 40/52 MP: 12/12
  4723 | D:5      | Gained mutation: Your system is resistant to poisons. (rPois) [Green Draconian growth]
  5036 | D:6      | Found a radiant altar of Vehumet.
  5088 | D:6      | HP: 1/52 [killer bee (2)]
  5089 | D:6      | Succumbed to a killer bee's poison

Vault maps used:
D:1:      elethiomel_arrival_shortcut
D:2:      old_standard_altar
D:3:      nicolae_overflow_crystal_walls
D:4:      temple_green
D:5:      first_bread, small_statue_intersection, solitary_fountain
D:6:      nicolae_dithmenos_through_a_glass_darkly, portal_sewer_entry_e,
          basic_altar
Temple:   dpeg_five_rooms_temple

Skill      XL: |  1  2  3  4  5  6  7 |
---------------+----------------------+-----
Unarmed Combat | 4 5 6 |  6.6
Transmutations | 3 4 |  4.3
Spellcasting   | 3 4 |  4.1
Fighting       | |  1.1
Dodging        | |  1.7

Action                   |  1- 3 |  4- 6 |  7- 9 || total
-------------------------+-------+-------+-------++-------
Melee: Unarmed           |   116 |   247 |    47 ||   410
       Headbutt          |    16 |    12 |       ||    28
       Tailslap          |    11 |    19 |     4 ||    34
       Kick              |     1 |    17 |     1 ||    19
       Punch             |     2 |     2 |     2 ||     6
 Cast: Beastly Appendage |    16 |    29 |     6 ||    51
       Sticks to Snakes  |       |     5 |       ||     5
Invok: Sacrifice Love    |       |     1 |       ||     1
 Abil: Breathe Noxious F |       |       |     3 ||     3
  Use: Potion            |       |     1 |       ||     1
       Scroll            |       |       |     5 ||     5
 Stab: Distracted        |       |     1 |       ||     1
  Eat: Chunk             |     3 |    10 |     1 ||    14
Armor: Skin              |    44 |   112 |    19 ||   175
Dodge: Dodged            |    66 |   208 |    27 ||   301
